Map: Zen LE

Players

Exited

  • Race: Protoss Protoss
  • League: Master
  • Spawn Location: 7:00

BeAsT - Winner!

  • Race: Terran Terran
  • League: Master
  • Spawn Location: 1:00

VOD

Have the link to the VOD?

Description

Time

  • Played on: Feb. 26, 2020, 2:01 p.m.
  • Length: 20:42
Show
View Real Time Build Order
Export as new Build Order

Exited Protoss 

Build Orders: 1 Gate Expand, Oracle Opening, Carriers 

Get SALT Encoding   

  12  0:00  Probe  
  13  0:12  Probe  
  14  0:18  Pylon  
  14  0:24  Probe  
  15  0:37  Probe (Chrono Boost)  
  15  0:38  Gateway  
  15  0:42  Assimilator  
  16  0:49  Probe (Chrono Boost)  
  17  0:56  Probe (Chrono Boost)  
  18  1:03  Probe  
  19  1:15  Probe  
  20  1:23  Nexus  
  20  1:34  Cybernetics Core  
  20  1:36  Probe  
  21  1:42  Assimilator  
  21  1:48  Probe  
  22  1:56  Pylon  
  22  2:03  Probe  
  23  2:12  Adept (Chrono Boost)  
  25  2:15  Stargate  
  25  2:16  Probe  
  25  2:21  Warp Gate  
  26  2:28  Probe  
  27  2:35  Adept  
  29  2:37  Probe  
  29  2:40  Probe  
  30  2:49  Probe (Chrono Boost)  
  30  2:55  Probe (Chrono Boost)  
  30  2:56  Oracle (Chrono Boost)  
  31  3:01  Probe (Chrono Boost)  
  36  3:08  Probe x2 (Chrono Boost)  
  37  3:16  Probe x2  
  39  3:26  Oracle  
  42  3:37  Probe  
  42  3:40  Probe  
  44  3:44  Assimilator  
  44  3:47  Pylon  
  44  3:48  Nexus  
  44  3:50  Probe  
  44  3:52  Probe  
  44  3:54  Robotics Facility  
  46  4:04  Gateway  
  46  4:05  Probe  
  46  4:09  Gateway  
  47  4:11  Probe  
  48  4:18  Probe  
  48  4:23  Probe  
  50  4:26  Assimilator  
  50  4:27  Sentry  
  50  4:29  Twilight Council  
  50  4:30  Probe  
  54  4:38  Probe  
  54  4:42  Pylon  
  54  4:46  Pylon  
  54  5:00  Probe x2, Pylon, Observer  
  54  5:01  Stalker x2  
  54  5:03  Probe  
  54  5:05  Stalker  
  64  5:12  Probe  
  62  5:24  Probe x2  
  62  5:27  Immortal (Chrono Boost)  
  64  5:29  Probe  
  64  5:34  Stalker x2  
  73  5:36  Probe, Sentry  
  73  5:37  Probe  
  73  5:41  Probe  
  78  5:48  Probe  
  78  5:49  Probe  
  80  5:53  Probe  
  81  5:57  Observer (Chrono Boost)  
  81  5:59  Forge  
  81  6:01  Probe  
  81  6:02  Probe, Forge  
  81  6:03  Pylon  
  81  6:04  Charge (Chrono Boost)  
  83  6:05  Probe  
  84  6:16  Gateway x2  
  84  6:18  Probe x3 (Chrono Boost)  
  86  6:28  Observer  
  86  6:29  Probe x2 (Chrono Boost)  
  86  6:30  Probe (Chrono Boost)  
  90  6:35  Probe (Chrono Boost)  
  91  6:43  Probe, Protoss Ground Weapons Level 1 (Chrono Boost)  
  91  6:45  Protoss Ground Armor Level 1 (Chrono Boost)  
  92  6:47  Probe  
  92  6:50  Probe  
  92  6:52  Stalker x3, Assimilator  
  100  6:54  Assimilator  
  100  7:01  Pylon  
  100  7:03  Templar Archives  
  100  7:08  Gateway  
  100  7:09  Gateway x2  
  100  7:10  Pylon  
  100  7:12  Gateway  
  100  7:14  Probe  
  101  7:19  Probe, Observer  
  103  7:25  Zealot x3  
  103  7:27  Blink (Chrono Boost)  
  109  7:30  Pylon  
  109  7:33  Pylon  
  109  7:35  Pylon  
  107  7:39  Zealot  
  107  7:40  Zealot  
  107  7:41  Psionic Storm  
  111  7:46  Immortal (Chrono Boost), Zealot x2  
  111  7:47  Zealot  
  117  8:13  Zealot x3  
  117  8:14  High Templar x4  
  117  8:15  High Templar x2  
  135  8:21  Nexus  
  135  8:23  Pylon  
  136  8:27  Gateway, Observer (Chrono Boost)  
  136  8:29  Pylon  
  136  8:31  Protoss Ground Weapons Level 2 (Chrono Boost)  
  136  8:32  Pylon  
  136  8:39  Warp Prism (Chrono Boost)  
  136  8:40  Protoss Ground Armor Level 2 (Chrono Boost)  
  136  8:43  Stalker x2  
  142  8:48  Stalker  
  142  8:52  Pylon  
  142  8:54  Stalker  
  144  9:07  Zealot x6  
  153  9:20  Pylon  
  153  9:23  Pylon  
  153  9:25  Pylon  
  153  9:27  Pylon  
  133  9:34  Zealot x6  
  133  9:35  Zealot x4  
  111  9:47  Immortal (Chrono Boost)  
  113  10:02  Nexus  
  113  10:04  Pylon  
  113  10:07  High Templar x4  
  113  10:08  High Templar x2  
  113  10:13  Archon x3  
  125  10:14  Zealot, High Templar x2  
  125  10:15  Zealot  
  133  10:24  Gateway  
  133  10:25  Gateway  
  132  10:43  Zealot x6  
  132  10:44  Zealot x2  
  148  10:53  Zealot x2  
  152  11:00  Nexus  
  152  11:01  Pylon  
  146  11:04  Protoss Ground Armor Level 3 (Chrono Boost)  
  146  11:05  Protoss Ground Weapons Level 3 (Chrono Boost)  
  134  11:14  Fleet Beacon  
  134  11:25  Stalker  
  136  11:28  Probe x4  
  136  11:31  Protoss Air Weapons Level 1 (Chrono Boost)  
  140  11:37  Immortal  
  144  11:40  Probe x3  
  147  11:50  Stalker x6  
  147  11:53  Probe x4  
  163  11:58  Assimilator  
  163  12:03  Assimilator  
  163  12:05  Probe x2  
  165  12:10  Probe x2  
  167  12:17  Probe  
  167  12:18  Immortal (Chrono Boost)  
  172  12:25  Stargate  
  172  12:28  Stargate  
  172  12:30  Robotics Facility  
  172  12:36  Zealot x6  
  177  12:44  Zealot  
  179  12:51  Photon Cannon  
  179  12:54  Probe  
  179  12:55  Probe x4  
  184  12:59  Pylon  
  184  13:02  Photon Cannon  
  184  13:03  Pylon  
  184  13:05  Shield Battery  
  184  13:06  Photon Cannon  
  184  13:07  Probe x2  
  184  13:18  High Templar x5  
  184  13:19  High Templar x3  
  200  13:24  Archon x3  
  200  13:25  Archon  
  200  13:31  Protoss Air Weapons Level 2 (Chrono Boost)  
  200  13:59  Assimilator  
  200  14:03  Assimilator  
  180  14:21  Tempest  
  180  14:22  Tempest x2  
  169  14:32  Protoss Shields Level 1 (Chrono Boost), Zealot x6  
  169  14:33  Zealot x6  
  191  14:40  Immortal x2  
  169  14:53  Zealot x9  
  169  14:54  Zealot x3  
  193  15:04  Tempest (Chrono Boost)  
  193  15:05  Tempest (Chrono Boost)  
  183  15:15  Photon Cannon  
  183  15:17  Photon Cannon  
  183  15:20  Photon Cannon  
  183  15:28  Zealot x9  
  181  15:38  Carrier (Chrono Boost)  
  183  15:45  Carrier x2 (Chrono Boost)  
  183  15:48  Stargate  
  195  15:54  Zealot x2  
  191  16:16  Immortal x2  
  191  16:29  High Templar  
  191  16:30  High Templar x3  
  199  16:36  Archon  
  199  16:37  Archon  
  190  16:41  Zealot x2  
  190  16:42  Zealot x2  
  190  16:43  Zealot  
  198  17:02  Nexus  
  198  17:05  Void Ray, Pylon  
  198  17:06  Pylon  
  160  17:08  Carrier x2  
  157  17:17  Immortal x2  
  163  17:27  Mothership (Chrono Boost)  
  157  17:39  Stargate  
  157  17:40  Stargate  
  157  17:44  Zealot x12  
  165  17:49  Carrier  
  187  17:58  Nexus  
  187  18:00  Pylon  
  168  18:11  High Templar x10  
  162  18:15  Archon x5  
  162  18:16  Zealot x2  
  133  18:30  Immortal x2  
  124  18:35  Assimilator  
  124  18:37  Zealot x2  
  112  18:57  Zealot x12  
  135  19:10  Observer  
  125  19:20  High Templar x5  
  125  19:21  Zealot x6, High Templar  
  141  19:24  Archon  
  141  19:25  Archon x2  
  114  19:38  Observer  
  114  19:41  Carrier (Chrono Boost)  
  114  19:44  Assimilator  
  114  19:55  Zealot x6  
  118  20:06  Observer  
  95  20:17  Stalker x4  
  95  20:18  Stalker x3  
  95  20:19  Stalker  
Show
View Real Time Build Order
Export as new Build Order

BeAsT Terran - Winner!

Build Orders: Liberator Opening, Reaper Expand, Mech 

Get SALT Encoding   

  12  0:00  SCV  
  13  0:13  SCV  
  14  0:17  Supply Depot  
  14  0:25  SCV  
  15  0:39  SCV  
  15  0:40  Barracks  
  16  0:44  Refinery  
  16  0:51  SCV  
  17  1:03  SCV  
  18  1:15  SCV  
  19  1:27  Reaper  
  19  1:28  Orbital Command  
  20  1:43  Command Center  
  20  1:55  SCV  
  20  1:57  Supply Depot  
  20  1:59  Barracks Reactor  
  21  2:09  SCV  
  21  2:11  Refinery  
  22  2:22  SCV  
  23  2:24  Factory  
  23  2:25  Bunker  
  23  2:34  SCV  
  23  2:35  Marine x2  
  26  2:46  SCV  
  26  2:53  Marine x2  
  26  2:57  Orbital Command  
  26  2:58  SCV  
  29  3:07  Factory Tech Lab  
  29  3:10  SCV  
  30  3:14  Marine x2  
  30  3:15  Starport  
  32  3:26  SCV x2  
  33  3:30  Cyclone  
  36  3:38  SCV x2, Marine x2  
  40  3:47  Supply Depot  
  40  3:50  SCV  
  40  3:52  SCV  
  40  3:53  Liberator  
  45  4:02  SCV  
  46  4:09  Cyclone, Marine x2  
  49  4:13  SCV  
  52  4:22  SCV  
  53  4:26  SCV  
  54  4:34  SCV, Command Center  
  55  4:41  Factory  
  55  4:44  SCV  
  56  4:49  Supply Depot  
  56  4:51  Supply Depot  
  56  4:52  Starport Tech Lab  
  56  4:57  Supply Depot  
  56  5:00  SCV  
  56  5:02  Factory  
  56  5:06  SCV  
  58  5:10  Refinery  
  58  5:11  Refinery  
  58  5:21  SCV  
  55  5:29  Factory  
  55  5:30  SCV  
  55  5:33  SCV  
  57  5:37  Barracks Tech Lab  
  57  5:39  Engineering Bay  
  57  5:41  Widow Mine x2  
  61  5:43  Siege Tank  
  61  5:44  SCV  
  61  5:45  Supply Depot  
  61  5:47  Orbital Command  
  65  5:56  SCV  
  66  6:01  Armory  
  66  6:03  Siege Tank  
  69  6:05  SCV  
  70  6:14  Widow Mine  
  70  6:15  Factory Reactor, Widow Mine  
  70  6:16  SCV  
  74  6:18  Supply Depot  
  74  6:20  Missile Turret  
  74  6:24  Missile Turret  
  74  6:25  Orbital Command  
  74  6:28  Siege Tank  
  77  6:37  Bunker  
  77  6:39  Widow Mine x2  
  81  6:43  Siege Tank  
  82  6:49  SCV  
  82  6:51  Terran Vehicle Weapons Level 1  
  82  6:53  SCV x2  
  84  6:56  Widow Mine x2  
  88  7:01  SCV  
  88  7:05  SCV x2  
  88  7:06  Widow Mine  
  88  7:08  Widow Mine  
  95  7:09  Drilling Claws  
  95  7:11  Missile Turret  
  95  7:15  SCV  
  96  7:19  Supply Depot  
  98  7:23  Widow Mine x2  
  100  7:33  Refinery, Factory  
  100  7:34  Refinery, Factory  
  100  7:37  Widow Mine x2  
  104  7:49  Missile Turret  
  104  7:50  Missile Turret, Widow Mine x2  
  108  7:52  Missile Turret  
  108  7:54  SCV  
  108  7:55  Supply Depot  
  108  7:57  Siege Tank  
  112  8:00  SCV  
  112  8:02  Hellion  
  112  8:03  Widow Mine  
  117  8:08  Siege Tank  
  120  8:14  Widow Mine x2  
  120  8:18  Factory Tech Lab  
  120  8:19  Factory Tech Lab  
  124  8:24  Hellion x2  
  128  8:29  Missile Turret  
  128  8:35  SCV  
  128  8:37  SCV  
  128  8:38  Command Center  
  130  8:44  Siege Tank  
  130  8:45  Widow Mine  
  139  8:48  Widow Mine x2  
  139  9:05  Widow Mine x2, Siege Tank  
  139  9:06  Widow Mine  
  148  9:15  Widow Mine  
  148  9:18  SCV  
  148  9:23  Widow Mine, Siege Tank  
  152  9:24  Supply Depot  
  152  9:27  Siege Tank  
  124  9:33  Widow Mine x2, Siege Tank  
  124  9:38  Widow Mine x2  
  115  9:45  Widow Mine  
  104  9:47  Infernal Pre-Igniter  
  104  9:48  Supply Depot, Terran Vehicle Weapons Level 2  
  96  9:55  Widow Mine x2  
  100  10:00  Siege Tank  
  100  10:01  Siege Tank  
  100  10:05  Siege Tank  
  109  10:17  Sensor Tower  
  109  10:18  Refinery  
  109  10:19  Refinery, Widow Mine x2  
  113  10:21  Planetary Fortress  
  113  10:27  SCV  
  114  10:31  Widow Mine  
  114  10:33  Hellion, Siege Tank  
  117  10:41  Widow Mine x4  
  125  10:48  SCV  
  126  10:52  Widow Mine, Sensor Tower  
  126  10:54  SCV  
  129  11:02  Siege Tank  
  132  11:07  Widow Mine x3, Siege Tank  
  132  11:09  SCV  
  136  11:12  Supply Depot  
  136  11:19  Factory x2  
  136  11:22  SCV  
  136  11:23  SCV  
  141  11:25  Siege Tank  
  141  11:29  Widow Mine x2  
  141  11:31  Hellion  
  147  11:37  Hellion  
  149  11:40  Siege Tank  
  149  11:45  Widow Mine  
  149  11:46  Widow Mine  
  156  11:50  Hellion  
  156  11:51  Hellion  
  158  11:54  SCV  
  158  11:56  SCV  
  158  11:58  Raven  
  162  12:02  Missile Turret  
  162  12:03  Factory Tech Lab  
  162  12:04  Factory Reactor  
  162  12:10  Widow Mine x2  
  162  12:11  Widow Mine  
  162  12:13  Hellion  
  170  12:17  Hellion  
  172  12:30  SCV x2  
  172  12:31  Widow Mine x3, Siege Tank  
  183  12:43  Widow Mine x3, Siege Tank  
  186  12:44  Raven  
  186  12:47  SCV x2  
  188  12:57  SCV  
  187  12:59  Widow Mine x2  
  187  13:02  Command Center  
  187  13:05  Widow Mine x3  
  189  13:27  Widow Mine x2, Siege Tank  
  189  13:28  Hellion  
  189  13:29  Terran Vehicle Weapons Level 3  
  198  13:44  Widow Mine  
  194  14:11  Widow Mine x3, Siege Tank  
  194  14:15  Hellion, Widow Mine x2, Siege Tank x2  
  190  14:29  Widow Mine x2  
  178  14:32  Widow Mine  
  178  14:36  Widow Mine x3  
  186  14:42  Widow Mine x2  
  186  14:43  Siege Tank  
  187  14:47  Siege Tank x2  
  187  14:50  Siege Tank  
  187  14:51  Widow Mine  
  175  14:54  Widow Mine  
  175  14:58  Widow Mine x2  
  181  15:00  Widow Mine  
  181  15:04  Widow Mine  
  179  15:07  Factory  
  179  15:08  Widow Mine  
  179  15:12  Factory, Siege Tank  
  180  15:15  Widow Mine, Siege Tank  
  180  15:19  Widow Mine x2, Siege Tank x2  
  195  15:21  Widow Mine  
  195  15:22  Siege Tank  
  198  15:31  Widow Mine x2  
  188  15:36  Widow Mine  
  188  15:38  Mag-Field Accelerator  
  188  15:41  Planetary Fortress, Widow Mine x2  
  190  15:43  Widow Mine  
  190  15:44  Siege Tank  
  190  15:47  Cyclone  
  193  15:51  Cyclone  
  193  15:52  Widow Mine x2  
  193  15:54  Cyclone  
  200  15:57  Factory Reactor x2  
  186  16:07  Terran Vehicle And Ship Armor Level 1  
  186  16:10  Widow Mine x4  
  188  16:13  Cyclone  
  188  16:16  Cyclone  
  188  16:17  Widow Mine  
  196  16:20  Cyclone  
  196  16:23  Refinery  
  196  16:24  Refinery  
  199  16:32  Widow Mine  
  199  16:36  Cyclone x2  
  199  16:37  Widow Mine  
  186  17:02  Cyclone, Widow Mine  
  186  17:03  Cyclone, Widow Mine x2  
  186  17:04  Cyclone, Widow Mine x3  
  186  17:06  Viking, Widow Mine x3  
  186  17:08  Cyclone x2  
  182  17:13  Widow Mine  
  171  17:24  Widow Mine  
  171  17:26  Widow Mine, Starport  
  171  17:27  Starport  
  168  17:34  Widow Mine  
  168  17:35  Cyclone  
  168  17:36  Viking  
  175  17:38  Cyclone  
  175  17:39  Widow Mine  
  175  17:41  SCV  
  181  17:50  Missile Turret  
  181  17:51  Missile Turret  
  181  17:53  Widow Mine x2  
  181  17:57  Widow Mine x3  
  188  18:01  Widow Mine x2  
  188  18:04  Widow Mine x2  
  188  18:06  Viking  
  188  18:08  Widow Mine x2  
  192  18:16  Cyclone, Widow Mine x2  
  179  18:22  Widow Mine x2  
  179  18:26  Widow Mine x2  
  173  18:30  Cyclone, Widow Mine  
  173  18:31  Hellion  
  173  18:33  Cyclone  
  162  18:40  Hellion x2  
  157  18:47  Cyclone, Widow Mine x2  
  154  18:56  Cyclone x2  
  153  19:07  Cyclone, Widow Mine x4  
  153  19:08  Widow Mine  
  164  19:14  Cyclone  
  167  19:19  Cyclone  
  166  19:25  Widow Mine x3  
  166  19:28  Cyclone, Siege Tank  
  178  19:32  Hellion, Widow Mine  
  171  19:38  Widow Mine  
  171  19:39  Cyclone, Widow Mine  
  171  19:45  Widow Mine x3  
  175  19:46  Cyclone  
  175  19:51  Cyclone  
  179  19:58  Widow Mine  
  179  19:59  Widow Mine x4  
  186  20:00  Cyclone x2  
  186  20:02  Orbital Command  
  186  20:05  Widow Mine x2  
  186  20:06  Widow Mine  
  192  20:38  Refinery  
  190  20:41  Refinery  
Tags
 
Add a new tag
Caveats
  • Supply blocks, unpowered buildings, or Contaminate may cause inaccurate times.
  • Supply counts are checked every 10 seconds.